 Dungeon Crawl Stone Soup version 0.23-a0-422-g30b1108d6a (webtiles) character file.

1929997 Flugkiller the Slayer (level 27, 242/242 HPs)
             Began as a Mummy Fire Elementalist on Nov 12, 2018.
             Was the Champion of Ashenzari.
             Escaped with the Orb
             ... and 4 runes on Nov 15, 2018!
             The game lasted 04:27:24 (99095 turns).

Flugkiller the Slayer (Mummy Fire Elementalist)    Turns: 99095, Time: 04:27:24

Health: 242/242    AC: 39    Str: 19      XL:     27
Magic:  42/42      EV: 21    Int: 29 (30) God:    Ashenzari [******]
Gold:   3143       SH: 15    Dex: 10      Spells: 4/56 levels left

rFire    + . .     SeeInvis +   G - +9 demon whip (drain) (curse)
rCold    + . .     Gourm    .   v - +2 shield (curse)
rNeg     + + +     Faith    .   M - +8 fire dragon scales (curse)
rPois    ∞         Spirit   .   S - +2 helmet {Int+3} (curse)
rElec    +         Reflect  .   Q - +0 cloak of Dishonesty {rElec MR+ Str+2} (curse)
rCorr    .         Harm     .   s - +2 pair of gloves (curse)
MR       +++++     Clarity  +   R - +5 pair of boots of the Sun {Str+4} (curse)
Stlth    ..........             k - amulet of the acrobat (curse)
HPRegen  0.50/turn              t - +4 ring of evasion (curse)
MPRegen  0.28/turn              K - ring of Toezizew {rC+ MR++ Int+4 Dex-5} (curse)

@: deflect missiles
A: no food or potions, fire vulnerability, cold resistance 1, negative energy
resistance 3, torment resistance, unbreathing, in touch with death 2
0: Orb of Zot
}: 4/15 runes: barnacled, slimy, abyssal, gossamer
a: Curse Item, Scrying, Transfer Knowledge, Renounce Religion


You escaped.
You worshipped Ashenzari.
Ashenzari was exalted by your worship.
You were not hungry.

You visited 11 branches of the dungeon, and saw 54 of its levels.
You visited the Abyss 3 times.
You visited 1 bazaar.
You also visited: Ossuary, Ice Cave and Wizlab.

You collected 7803 gold pieces.
You spent 4660 gold pieces at shops.

Inventory:

Hand Weapons
 l - the +8 whip "Snakebite" {curare, rPois}
   (You found it on level 4 of the Dungeon)

   It poisons the flesh of those it strikes.
   It protects you from poison.
 G - a cursed +9 demon whip of draining (weapon)
   (You took it off a hell knight on level 4 of the Depths)
Missiles
 r - 14 throwing nets (quivered)
Armour
 s - a cursed +2 pair of gloves (worn)
   (You found it on level 7 of the Dungeon)
 v - a cursed +2 shield (worn)
   (You took it off a vault warden on level 4 of the Vaults)
 M - cursed +8 fire dragon scales (worn)
   (You found it on level 15 of the Dungeon)
 Q - the cursed +0 cloak of Dishonesty (worn) {rElec MR+ Str+2}
   (You bought it in a shop on level 12 of the Dungeon)

   It affects your strength (+2).
   It insulates you from electricity.
   It affects your resistance to hostile enchantments.
   It has a curse placed upon it.
 R - the cursed +5 pair of boots of the Sun (worn) {Str+4}
   (You found it on level 10 of the Dungeon)

   It affects your strength (+4).
   It has a curse placed upon it.
 S - a cursed +2 helmet of intelligence (worn)
   (You found it on level 4 of the Vaults)
Jewellery
 a - a +3 ring of evasion
   (You took it off a crimson imp on level 6 of the Dungeon)
 h - an uncursed ring of wizardry
   (You found it on level 2 of the Dungeon)
 k - a cursed amulet of the acrobat (around neck)
   (You took it off an orc on level 3 of the Dungeon)
 t - a cursed +4 ring of evasion (left hand)
   (You found it on level 9 of the Dungeon)
 z - the amulet of Vitality {Regen+ HP+15}
   (You took it off a mummy priest on level 4 of the Depths)

   [amulet of regeneration]

   It affects your health (+15).
   It increases your rate of regeneration.
 E - an uncursed ring of protection from magic
   (You found it on level 2 of the Lair of Beasts)
 K - the cursed ring of Toezizew (right hand) {rC+ MR++ Int+4 Dex-5}
   (You bought it in a shop in a bazaar)

   [ring of dexterity]

   It affects your intelligence (+4).
   It affects your dexterity (-5).
   It protects you from cold.
   It affects your resistance to hostile enchantments.
   It has a curse placed upon it.
 U - an uncursed ring of protection from cold
   (You took it off a black draconian on level 5 of the Realm of Zot)
Wands
 j - a wand of digging (12)
   (You took it off an orc warrior on level 9 of the Dungeon)
 m - a wand of paralysis (47)
   (You found it on level 4 of the Dungeon)
 o - a wand of flame (86)
   (You found it on level 4 of the Dungeon)
 w - a wand of scattershot (6)
   (You took it off an orc on level 10 of the Dungeon)
 x - a wand of polymorph (46)
   (You found it on level 11 of the Dungeon)
 y - a wand of disintegration (52)
   (You found it on level 11 of the Dungeon)
 A - a wand of iceblast (14)
   (You found it on level 11 of the Dungeon)
 B - a wand of acid (18)
   (You found it on level 1 of the Lair of Beasts)
 C - a wand of enslavement (10)
   (You found it on level 1 of the Lair of Beasts)
Scrolls
 b - 33 scrolls of identify
 c - 8 scrolls of enchant armour
 d - 28 scrolls of teleportation
 e - 12 scrolls of magic mapping
 f - 6 scrolls of amnesia
 g - 5 scrolls of fear
 i - 3 scrolls of enchant weapon
 n - 3 scrolls of remove curse
 p - 2 scrolls of immolation
 q - 3 scrolls of summoning
 D - 8 scrolls of fog
 H - 5 scrolls of silence
 L - 2 scrolls of torment
 N - 6 scrolls of blinking
 O - 3 scrolls of vulnerability
Miscellaneous
 u - 6 phantom mirrors
 F - a lightning rod (4/4)
   (You found it on level 5 of the Pits of Slime)
 I - a phial of floods
   (You found it on level 12 of the Dungeon)
 J - 3 boxes of beasts
 P - a lamp of fire
   (You found it on level 3 of the Elven Halls)
 T - 3 sacks of spiders


   Skills:
 + Level 25.2 Fighting
 - Level 8.0(12.4) Maces & Flails
 + Level 15.3(19.3) Armour
 - Level 13.9(18.0) Dodging
 - Level 1.5 Stealth
 - Level 12.3(15.0) Shields
 - Level 15.0 Spellcasting
 - Level 8.5(12.9) Conjurations
 - Level 7.9(12.4) Charms
 - Level 10.8(15.0) Summonings
 - Level 14.4(18.4) Necromancy
 - Level 0.8(3.1) Translocations
 - Level 10.7(15.0) Fire Magic
 - Level 7.9(12.4) Air Magic
 - Level 5.5(10.0) Earth Magic
 - Level 11.8(16.0) Evocations


You had 4 spell levels left.
You knew the following spells:

 Your Spells              Type           Power        Failure   Level  Hunger
a - Dispel Undead         Necr           ########     1%          5    N/A
b - Animate Dead          Necr           N/A          1%          4    N/A
c - Agony                 Necr           ########     1%          5    N/A
d - Bolt of Draining      Conj/Necr      ########..   1%          5    N/A
e - Fireball              Conj/Fire      #######...   1%          5    N/A
f - Bolt of Fire          Conj/Fire      #######...   2%          6    N/A
g - Haunt                 Necr/Summ      ########..   4%          7    N/A
h - Deflect Missiles      Chrm/Air       #######...   4%          6    N/A
i - Borgnjor's Vile Clut  Necr/Erth      ########..   1%          5    N/A
j - Summon Butterflies    Summ           #######.     0%          1    N/A
q - Apportation           Tloc           #####.       1%          1    N/A
r - Blink                 Tloc           N/A          1%          2    N/A

Your spell library contained the following spells:

 Spells                   Type           Power        Failure   Level  Hunger
 Animate Skeleton         Necr           N/A          0%          1    N/A
 Flame Tongue             Conj/Fire      #####        0%          1    N/A
 Pain                     Necr           ####         0%          1    N/A
 Summon Small Mammal      Summ           ####         0%          1    N/A
 Call Imp                 Summ           #######.     0%          2    N/A
 Corpse Rot               Necr           N/A          0%          2    N/A
 Vampiric Draining        Necr           ########..   0%          3    N/A
 Infusion                 Chrm           ####         1%          1    N/A
 Magic Dart               Conj           ####         1%          1    N/A
 Shock                    Conj/Air       ####         1%          1    N/A
 Searing Ray              Conj           ######       1%          2    N/A
 Shroud of Golubria       Chrm/Tloc      ######....   1%          2    N/A
 Song of Slaying          Chrm           #######.     1%          2    N/A
 Swiftness                Chrm/Air       #######.     1%          2    N/A
 Throw Flame              Conj/Fire      ######       1%          2    N/A
 Call Canine Familiar     Summ           #######.     1%          3    N/A
 Conjure Flame            Conj/Fire      #######.     1%          3    N/A
 Dazzling Spray           Conj/Hex       ######       1%          3    N/A
 Ignite Poison            Fire/Tmut/Pois ######..     1%          3    N/A
 Inner Flame              Hex/Fire       ######..     1%          3    N/A
 Mephitic Cloud           Conj/Pois/Air  ######..     1%          3    N/A
 Recall                   Summ/Tloc      N/A          1%          3    N/A
 Spectral Weapon          Hex/Chrm       ######..     1%          3    N/A
 Static Discharge         Conj/Air       #######.     1%          3    N/A
 Stone Arrow              Conj/Erth      ######       1%          3    N/A
 Summon Guardian Golem    Hex/Summ       ######..     1%          3    N/A
 Airstrike                Air            #######...   1%          4    N/A
 Force Lance              Conj/Tloc      ######..     1%          4    N/A
 Iskenderun's Mystic Bla  Conj           #######.     1%          4    N/A
 Sticky Flame             Conj/Fire      #######.     1%          4    N/A
 Summon Ice Beast         Ice/Summ       ######..     1%          4    N/A
 Summon Lightning Spire   Summ/Air       #######.     1%          4    N/A
 Confusing Touch          Hex            ####..       3%          1    N/A
 Freeze                   Ice            ####         3%          1    N/A
 Fulminant Prism          Conj/Hex       ######....   3%          4    N/A
 Throw Icicle             Conj/Ice       ######..     3%          4    N/A
 Lesser Beckoning         Tloc           #####.....   4%          3    N/A
 Ensorcelled Hibernation  Hex/Ice        ####..       5%          2    N/A
 Slow                     Hex            ####....     5%          2    N/A
 Petrify                  Tmut/Erth      ######..     5%          4    N/A
 Tukima's Dance           Hex            ####....     11%         3    N/A
 Bolt of Magma            Conj/Fire/Erth #######...   1%          5    N/A
 Excruciating Wounds      Chrm/Necr      ########..   1%          5    N/A
 Iskenderun's Battlesphe  Conj/Chrm      #######.     1%          5    N/A
 Lightning Bolt           Conj/Air       #######...   1%          5    N/A
 Shadow Creatures         Summ           N/A          1%          6    N/A
 Conjure Ball Lightning   Conj/Air       #######...   4%          6    N/A
 Iron Shot                Conj/Erth      ######....   7%          6    N/A
 Venom Bolt               Conj/Pois      ######....   9%          5    N/A
 Summon Hydra             Summ           #######...   9%          7    N/A
 Silence                  Hex/Air        ######....   10%         5    N/A
 Spellforged Servitor     Conj/Summ      #######...   13%         7    N/A
 Ring of Flames           Chrm/Fire      #######...   16%         7    N/A
 Infestation              Necr           ########..   17%         8    N/A
 Orb of Destruction       Conj           #######...   21%         7    N/A
 Freezing Cloud           Conj/Ice/Air   ######....   22%         6    N/A
 Ignition                 Fire           #######...   56%         8    N/A
 Alistair's Intoxication  Tmut/Pois      ####....     71%         5    N/A
 Malign Gateway           Summ/Tloc      ######....   71%         7    N/A
 Lehudib's Crystal Spear  Conj/Erth      ######....   96%         8    N/A
 Darkness                 Hex            ####......   99%         6    N/A
 Invisibility             Hex            ####....     99%         6    N/A
 Shatter                  Erth           ######....   100%        9    N/A
 Tornado                  Air            #######...   100%        9    N/A
 Sublimation of Blood     Necr           Unusable     N/A         2    N/A
 Regeneration             Chrm/Necr      Unusable     N/A         3    N/A
 Ice Form                 Ice/Tmut       Unusable     N/A         4    N/A
 Borgnjor's Revivificati  Necr           Unusable     N/A         8    N/A
 Death's Door             Chrm/Necr      Unusable     N/A         8    N/A
 Necromutation            Tmut/Necr      Unusable     N/A         8    N/A

Dungeon Overview and Level Annotations

Branches:
Dungeon (15/15)            Temple (1/1) D:7            Lair (6/6) D:11
 Shoals (4/4) Lair:2       Spider (4/4) Lair:4        Slime (5/5) Lair:5
    Orc (2/2) D:9             Elf (3/3) Orc:2        Vaults (4/5) D:13
  Crypt (0/3) Vaults:3     Depths (5/5) D:15            Zot (5/5) Depths:5

Altars:
Ashenzari
Cheibriados
Dithmenos
Elyvilon
Fedhas
Gozag
Hepliaklqana
Kikubaaqudgha
Makhleb
Nemelex Xobeh
Okawaru
Qazlal
Ru
Sif Muna
Trog
Uskayaw
Vehumet
Wu Jian
Xom
Yredelemnul
Zin
The Shining One
Beogh
Jiyva
Lugonu

Shops:
D:4 }   D:5 [   D:8 }   D:12 *[*   Orc:2 [[![(   Elf:2 (   Shoals:1 ?
Shoals:2 (   Vaults:1 [   Vaults:2 %   Depths:1 *   Depths:4 :

Portals:
Hell: Depths:1 Depths:2 Depths:3 Depths:4 Depths:5
Abyss: Depths:2 Depths:3 Depths:4
Pandemonium: Depths:2 Depths:3 Depths:5
Ziggurat: Depths:4

Annotations:
D:6 2 transporters, nubinia's ghost, novice DECj
Shoals:1 exclusion: Roxanne, Roxanne
Shoals:4 3 runed doors, Notair's ghost, adept MiGl
Spider:1 exclusion: 4 fire elementals, Azrael
Elf:1 29 runed doors
Elf:2 5 runed doors
Depths:1 2 runed doors, Zeverogu's ghost, adept SpEn
Depths:2 1 runed door
Depths:4 exclusions: daeva, sensed monster (detected) and 6 more exclusions
Zot:2 3 runed doors, Qohiqu's ghost, veteran SpEn


Innate Abilities, Weirdness & Mutations

You do not eat or drink.
Your flesh is vulnerable to fire.
You are immune to poison.
Your flesh is cold resistant. (rC+)
You are immune to negative energy. (rN+++)
You are immune to unholy pain and torment.
You can survive without breathing.
You are strongly in touch with the powers of death.


Message History

Your shadow wraith disappears in a puff of smoke!
There is a stone staircase leading up here.
You climb upwards.
There is a stone staircase leading down here.
Magic restored.
There is a stone staircase leading up here.
You climb upwards.
There is a stone staircase leading down here.
There is a stone staircase leading up here.
You climb upwards.
There is a stone staircase leading down here.
There is a shimmering altar of Xom here.
Things that are here:
a +0 leather armour; a +0 hand axe You see here a +0 club.
A lorocyproca comes into view.
Unknown command.
The lorocyproca moves out of view.
There is a stone staircase leading up here.
You climb upwards.
Level annotation: 2 transporters, nubinia's ghost, novice DECj
There is a stone staircase leading down here.
(D) Dungeon (T) Temple (L) Lair (A) Shoals (N) Spider Nest (M) Slime Pits (O) Orcish Mines (E) Elven Halls (V) Vaults (C) Crypt (U) Depths (H) Hell (Z) Zot
Where to? (Enter - D:1 @ (x,y), ? - help)
You see here 22 arrows.
Things that are here:
a +0 robe; a +0 dagger
There is a stone staircase leading up here.
You climb upwards.
There is a stone staircase leading down here.
There is a stone staircase leading up here.
You climb upwards.
There is a stone staircase leading down here.
There is a stone staircase leading up here.
You climb upwards.
There is a stone staircase leading down here.
There is an open door here.
There is a stone staircase leading up here.
You climb upwards.
There is a stone staircase leading down here.
There is a stone staircase leading up here.
You climb upwards.
There is a stone staircase leading down here.
There is an open door here.
There is a staircase leading out of the dungeon here.
Enter note: gg You have escaped!

####### #.#.# #.....# #.#.#
#.###.#################.#.#####
......................#.#.....#
#.....#######'#######.#.....#.#
......# #...# #.###..##.#
......# #!..# #.........#
..###.# ###...### #......####
..###.# #......@# #..[...#
.#....####.......####.###..#
.##.###.............#....'#####
###.#.'......⌠......+.####...≈#
###.#.#........%....#....#...≈#
......####.......####.####...≈#
....#.# #.......# #.# #...≈#
.##.#.# ###...### #.# #≈≈≈≈##
.##.#.# #...# #.# #####'#


There were no monsters in sight!

Vanquished Creatures
  the Royal Jelly (Slime:5)
  A pandemonium lord (Depths:4)
  5 ancient liches (Zot:5)
  An orb of fire (Zot:5)
  A greater mummy (Depths:4)
  Saint Roka (Orc:2)
  4 Killer Klowns
  3 curse toes
  11 golden dragons
  Xtahua (Depths:3)
  Arachne (Spider:2)
  A bone dragon (Abyss:4)
  5 liches
  2 electric golems
  An Ice Fiend (IceCv)
  17 tentacled monstrosities
  Rupert (Lair:5)
  A moon troll (WizLab)
  The ghost of temitten the Victor of a Thousand Battles, an adept DsFi of Okawaru (Vaults:4)
  19 Orb Guardians
  2 deep elf blademasters (Elf:3)
  12 acid blobs
  2 deep elf master archers (Elf:3)
  6 quicksilver dragons
  10 tentacled starspawn
  Polyphemus (Shoals:3)
  3 tengu reavers
  10 storm dragons
  Gastronok (Lair:3)
  12 death cobs
  Kirke (Lair:4)
  Agnes (D:14)
  A sphinx (Depths:4)
  3 shadow dragons
  Ilsuiw (Shoals:3)
  7 draconian monks
  10 azure jellies
  6 draconian knights
  5 frost giants
  8 fire giants
  2 orc warlords
  8 vault wardens
  8 draconian scorchers
  5 ghost moths
  4 deep elf sorcerers
  A cacodemon (WizLab)
  5 emperor scorpions
  9 draconian shifters
  8 deep elf elementalists
  A caustic shrike zombie (Depths:2)
  32 very ugly things
  5 draconian stormcallers
  5 draconian annihilators
  4 entropy weavers
  2 spriggan defenders (Depths:3)
  21 stone giants
  A juggernaut skeleton (Depths:4)
  12 ironheart preservers
  10 green draconians
  9 deep elf demonologists
  9 black draconians
  11 red draconians
  6 deep elf annihilators
  13 purple draconians
  18 white draconians
  A lorocyproca (D:13)
  4 dire elephants (Abyss:3)
  16 yellow draconians
  2 spark wasps
  A blizzard demon (Abyss:3)
  2 minotaurs (Vaults:4)
  A green death (Abyss:3)
  4 deep elf death magi
  11 ettins
  Snorg (Lair:4)
  3 mummy priests (Depths:4)
  2 crystal guardians (WizLab)
  An eidolon (Abyss:3)
  A quicksilver dragon zombie (Depths:2)
  6 merfolk javelineers
  9 merfolk impalers
  Josephine (D:15)
  3 death oozes (Slime:5)
  A deep elf high priest (Elf:3)
  9 fire dragons
  The ghost of dricus the Fighter, a journeyman KoBe of Trog (D:10)
  8 yaktaur captains
  20 great orbs of eyes
  6 rakshasas
  12 ice dragons
  7 vault guards
  4 hydras
  A catoblepas (Shoals:3)
  2 death knights (Vaults:3)
  5 centaur warriors
  3 merfolk avatars
  2 spriggan air magi (Depths:3)
  50 two-headed ogres
  11 dancing weapons
  8 deep troll shamans
  15 ogre magi
  2 tengu warriors (Depths:3)
  A queen ant (Spider:4)
  4 death yaks
  12 deep troll earth magi
  3 hell hogs (Depths:3)
  A spriggan berserker (Depths:5)
  4 thrashing horrors
  14 deep elf knights
  5 hell knights
  2 wretched stars
  The ghost of alpinistek the Thaumaturge, a novice DsIE of Vehumet (D:11)
  A soul eater (Depths:2)
  2 shadow wraiths (Vaults:3)
  A golden dragon zombie (Depths:4)
  A spatial maelstrom (Depths:3)
  An iron troll (Depths:5)
  5 flayed ghosts
  17 deep trolls
  13 sea snakes
  2 wizards (Vaults:2)
  A swamp dragon (shapeshifter) (Vaults:4)
  14 glowing orange brains
  4 unseen horrors
  A deep troll (shapeshifter) (D:15)
  12 ironbrand convokers
  10 deep elf archers
  An orange crystal statue (Depths:2)
  9 necromancers
  A harpy (shapeshifter) (Depths:5)
  8 orc knights
  A wolf spider zombie (D:15)
  20 wolf spiders
  4 orc sorcerers
  9 orb spiders
  61 deep elf magi
  6 shining eyes
  12 manticores
  61 ugly things
  17 cyclopes
  22 harpies
  10 fauns
  A tengu skeleton (Vaults:4)
  A worldbinder (Abyss:1)
  27 moths of wrath
  2 stone giant skeletons
  A black mamba (Lair:4)
  4 water nymphs
  13 merfolk sirens
  4 ice statues (IceCv)
  6 eyes of devastation
  10 elephants
  A black mamba (shapeshifter) (Depths:3)
  A rust devil (Depths:4)
  11 vault sentinels
  4 smoke demons
  A fire giant skeleton (Depths:1)
  A torpor snail (Spider:2)
  6 spiny frogs
  4 centaur skeletons
  3 gargoyles
  2 rime drakes
  A storm dragon simulacrum (Depths:1)
  An emperor scorpion zombie (Abyss:3)
  2 spriggan zombies
  33 yaktaurs
  A rime drake (shapeshifter) (D:15)
  An elf zombie (Depths:4)
  An elf skeleton (Depths:4)
  A golden dragon simulacrum (IceCv)
  3 anaconda simulacra (IceCv)
  10 demonic crawlers
  4 guardian mummies (Depths:4)
  2 freezing wraiths
  8 komodo dragons
  A yaktaur zombie (Vaults:3)
  A tormentor (Depths:2)
  A hellwing (Abyss:3)
  12 ice devils
  28 merfolk
  A yaktaur skeleton (Vaults:4)
  A tengu conjurer (Depths:2)
  20 jumping spiders
  An ancient zyme (Abyss:3)
  2 polar bears (Lair:6)
  5 trolls
  2 polar bears (shapeshifter)
  3 raiju (Abyss:3)
  43 slime creatures
  9 snapping turtles
  10 blink frogs
  16 hippogriffs
  9 wind drakes
  A dream sheep (shapeshifter) (Elf:1)
  9 hornets
  A meliai zombie (D:14)
  An ice dragon zombie (Depths:1)
  2 hippogriffs (shapeshifter)
  2 air elementals
  39 redbacks
  5 large abominations
  6 wraiths
  4 wyverns
  A vampire (D:11)
  5 spriggans
  2 tarantellas (shapeshifter)
  3 water elementals
  16 yaks
  A ynoxinul (Abyss:2)
  A spriggan (shapeshifter) (Depths:4)
  23 tarantellas
  A dire elephant simulacrum (IceCv)
  A yak (shapeshifter) (Depths:1)
  A basilisk (shapeshifter) (Vaults:2)
  A neqoxec (WizLab)
  7 golden eyes
  3 basilisks
  4 hogs (Lair:4)
  2 hungry ghosts
  4 vampire mosquitoes (D:14)
  2 human simulacra (Vaults:1)
  A steam dragon (D:14)
  6 wargs
  Edmund (D:6)
  An acid dragon (D:15)
  9 soldier ants
  13 water moccasins
  3 hydra simulacra (IceCv)
  A water moccasin (shapeshifter) (Vaults:3)
  8 hell hounds (Depths:3)
  10 porcupines
  2 floating eyes (Slime:5)
  Duvessa (D:6)
  5 sky beasts
  46 orc warriors
  3 phantoms
  2 black bears
  15 starcursed masses
  39 ogres
  2 ice beasts
  4 eyes of draining
  3 ettin simulacra
  18 boggarts
  15 centaurs
  3 necrophages
  A wolf (D:11)
  17 crocodiles
  2 big kobolds
  18 bullfrogs
  Dowan (D:6)
  4 earth elementals
  A small abomination (Abyss:3)
  A wyvern skeleton (D:11)
  5 scorpions
  A water moccasin skeleton (D:7)
  4 killer bees (D:11)
  6 wights
  2 howler monkeys (D:12)
  An electric eel (Spider:2)
  3 jellies
  8 crimson imps
  2 bullfrog zombies
  3 hounds
  5 quasits
  3 centaur zombies
  4 bullfrog skeletons
  5 gnoll shamans (D:6)
  26 orc priests
  2 iron imps (Abyss:3)
  35 orc wizards
  4 iguanas
  26 worker ants
  A hound skeleton (D:6)
  A mummy (Ossuary)
  Robin (D:2)
  A worker ant zombie (D:5)
  11 adders
  32 gnolls (D:6)
  4 shadow imps
  A white imp (Abyss:3)
  An ufetubus (Abyss:3)
  2 oozes (D:5)
  An adder zombie (D:8)
  An adder skeleton (D:7)
  6 worms
  A dart slug (D:1)
  8 leopard geckos
  123 orcs
  A bat zombie (D:4)
  3 giant cockroaches
  16 goblins
  5 hobgoblins
  14 jackals (D:6)
  16 kobolds
  6 quokkas
  2 ball pythons
  3 bats
  5 frilled lizards
  6 gnoll skeletons (Ossuary)
  4 kobold skeletons (Ossuary)
  A leopard gecko skeleton (D:7)
  15 orc skeletons (Ossuary)
  7 rats
  2 rat zombies (D:4)
  A fungus (D:1)
  3 plants
  7 starspawn tentacles
2196 creatures vanquished.

Vanquished Creatures (collateral kills)
  6 orbs of fire
  3 golden dragons
  A bone dragon (Abyss:3)
  An electric golem (Zot:5)
  A hellephant (D:10)
  3 tentacled monstrosities
  A Hell Sentinel (Depths:5)
  8 Orb Guardians (Zot:5)
  A tentacled starspawn (WizLab)
  A shadow dragon (Abyss:3)
  2 storm dragons
  4 ghost moths
  An azure jelly (Slime:5)
  A frost giant (Depths:3)
  A draconian scorcher (Zot:1)
  2 draconian stormcallers (Zot:3)
  An angel (Depths:3)
  A draconian shifter (Zot:2)
  A very ugly thing (Abyss:1)
  An ironheart preserver (Vaults:3)
  An entropy weaver (Spider:3)
  5 draconian annihilators
  2 stone giants
  A deep elf annihilator (Elf:2)
  3 black draconians
  5 red draconians
  2 yellow draconians
  3 dire elephants (Abyss:3)
  4 white draconians
  A deep elf death mage (Elf:3)
  4 purple draconians
  A blizzard demon (Depths:4)
  2 merfolk javelineers (Shoals:4)
  A merfolk impaler (Shoals:2)
  A great orb of eyes (WizLab)
  A hydra (Lair:6)
  A rakshasa (Vaults:1)
  A centaur warrior (D:14)
  A two-headed ogre (Vaults:1)
  3 ogre magi
  3 merfolk aquamancers (Shoals:4)
  A dancing weapon (Elf:2)
  2 merfolk avatars
  A deep troll shaman (Depths:5)
  2 thrashing horrors (Abyss:3)
  A sun demon (Zot:1)
  A glowing orange brain (Abyss:3)
  2 sea snakes
  An orange crystal statue (WizLab)
  A kraken simulacrum (Shoals:4)
  An ironbrand convoker (Vaults:3)
  An orc knight (Vaults:1)
  2 orb spiders
  A deep elf mage (Vaults:2)
  2 harpies
  7 wolf spiders
  2 cyclopes
  2 manticores (Shoals:4)
  5 moths of wrath
  4 elephants
  4 merfolk sirens
  A fire giant skeleton (Depths:2)
  2 water nymphs
  2 eyes of devastation (WizLab)
  2 rime drakes (Lair:6)
  A smoke demon (Abyss:3)
  4 spiny frogs (Lair:6)
  A freezing wraith (Vaults:1)
  A small abomination (Elf:3)
  A komodo dragon (Lair:6)
  A demonic crawler (Spider:3)
  6 merfolk
  7 jumping spiders
  A wind drake (Shoals:1)
  3 polar bears (Lair:6)
  6 slime creatures
  2 dream sheep (Shoals:1)
  A hippogriff (Lair:6)
  2 hornets
  2 snapping turtles (Shoals:4)
  3 blink frogs (Lair:6)
  A human simulacrum (Vaults:3)
  12 redbacks
  A water elemental (Shoals:4)
  3 tarantellas
  A spriggan (D:11)
  2 yaks (Lair:6)
  A spatial vortex (Abyss:3)
  5 soldier ants (Spider:4)
  A water moccasin (Lair:6)
  2 orc warriors
  A black bear (D:11)
  5 ogres
  A boggart (D:15)
  An earth elemental (Elf:1)
  A wight (Abyss:3)
  2 quasits (Abyss:3)
  6 worker ants (Spider:4)
  9 orcs
  3 fungi (Lair:6)
  A plant (Lair:6)
  A tentacle (Shoals:4)
239 creatures vanquished.

Vanquished Creatures (others)
  An Orb Guardian (Zot:5)
  A draconian knight (Zot:1)
  A merfolk impaler (Shoals:4)
  2 deep elf knights
  A harpy (Shoals:4)
  A moth of wrath (Zot:5)
  A polar bear (Lair:6)
  A small abomination (Abyss:3)
  A wraith (D:15)
  A sky beast (D:11)
  A bush (Lair:6)
  5 demonic plants (WizLab)
  A fire vortex (Vaults:4)
  18 fungi
  32 plants
  57 starspawn tentacles
  6 tentacles (Shoals:4)
  3 toadstools (D:1)
134 creatures vanquished.

Grand Total: 2569 creatures vanquished

Notes
Turn   | Place    | Note
-------+----------+-------------------------------------------
     0 | D:1      | Flugkiller the Mummy Fire Elementalist began the quest for
                  | the Orb.
     0 | D:1      | Reached XP level 1. HP: 13/13 MP: 4/4
   247 | D:1      | Reached skill level 1 in Conjurations
   439 | D:1      | Reached XP level 2. HP: 19/19 MP: 1/5
  1237 | D:1      | Reached XP level 3. HP: 24/24 MP: 3/7
  1277 | D:1      | Learned a level 3 spell: Conjure Flame
  1675 | D:2      | Noticed Robin
  1779 | D:2      | Killed Robin
  1944 | D:2      | Reached XP level 4. HP: 30/30 MP: 2/9
  2685 | D:2      | Found a shimmering altar of Xom.
  2687 | D:2      | Found a stormy altar of Qazlal.
  2687 | D:2      | Found a bloodstained altar of Trog.
  2689 | D:2      | Found a radiant altar of Vehumet.
  2689 | D:2      | Found a shadowy altar of Dithmenos.
  2689 | D:2      | Found a glowing silver altar of Zin.
  2843 | D:3      | Found a shadowy altar of Dithmenos.
  3341 | D:3      | Reached XP level 5. HP: 35/35 MP: 4/10
  3834 | D:3      | Learned a level 4 spell: Sticky Flame
  3882 | D:4      | Found Pisipy's Gadget Shop.
  4076 | D:4      | Found the +8 whip "Snakebite" {curare, rPois}
  4407 | D:4      | Found an ancient bone altar of Kikubaaqudgha.
  4648 | D:5      | Entered Level 5 of the Dungeon
  4806 | D:5      | Reached XP level 6. HP: 16/41 MP: 6/12
  5320 | D:5      | Found Mozetu's Antique Armour Emporium.
  5480 | D:5      | Reached XP level 7. HP: 42/46 MP: 5/13
  5573 | D:5      | Reached skill level 5 in Fire Magic
  6069 | D:6      | Found a sand-covered staircase.
  6081 | Ossuary  | Entered an ossuary
  6081 | Ossuary  | Noticed a wraith
  6081 | Ossuary  | Noticed a wraith
  6081 | Ossuary  | Noticed a wraith
  6360 | Ossuary  | Learned a level 5 spell: Fireball
  6610 | Ossuary  | Noticed a wraith
  6658 | Ossuary  | Killed a wraith
  6658 | Ossuary  | Reached skill level 5 in Conjurations
  6658 | Ossuary  | Reached XP level 8. HP: 4/52 MP: 2/14
  7002 | D:6      | Found a transporter.
  7005 | D:6      | Noticed nubinia's ghost (novice DECj)
  8085 | D:6      | Noticed Duvessa
  8104 | D:6      | Killed Duvessa
  8106 | D:6      | Noticed Dowan
  8213 | D:6      | Killed Dowan
  8213 | D:6      | Reached XP level 9. HP: 57/57 MP: 3/15
  9044 | D:6      | Found a transporter.
  9374 | D:6      | Found a hazy altar of Hepliaklqana.
  9449 | D:6      | Noticed Edmund
  9463 | D:6      | Killed Edmund
 10039 | D:7      | Found a shimmering altar of Xom.
 10669 | D:7      | Got a twisted rapier
 10737 | D:7      | Found a staircase to the Ecumenical Temple.
 10741 | D:7      | Identified the +6 rapier of Gozag's Condemnation {drain,
                  | rPois rN+} (You found it on level 7 of the Dungeon)
 10753 | Temple   | Entered the Ecumenical Temple
 10846 | Temple   | Became a worshipper of Ashenzari the Shackled
 11472 | D:8      | Reached XP level 10. HP: 63/63 MP: 12/16
 11662 | D:8      | Found Apeptodgh's Gadget Shoppe.
 11761 | D:8      | Reached * piety under Ashenzari
 12338 | D:9      | Reached skill level 1 in Fighting
 12604 | D:9      | Found a staircase to the Orcish Mines.
 12605 | D:9      | Noticed a two-headed ogre
 12624 | D:9      | Killed a two-headed ogre
 12624 | D:9      | Reached skill level 2 in Fighting
 12624 | D:9      | Reached skill level 5 in Spellcasting
 13082 | D:9      | Reached skill level 3 in Fighting
 13275 | D:9      | Reached ** piety under Ashenzari
 13484 | D:10     | Entered Level 10 of the Dungeon
 13907 | D:10     | Reached skill level 4 in Fighting
 14055 | D:10     | Found a runed gate.
 14055 | D:10     | Noticed dricus's ghost (journeyman KoBe)
 14060 | D:10     | Found a runed gate.
 14060 | D:10     | Found a runed gate.
 14221 | D:10     | Found a roughly hewn altar of Beogh.
 14247 | D:10     | Noticed a two-headed ogre
 14261 | D:10     | Killed a two-headed ogre
 14261 | D:10     | Reached XP level 11. HP: 54/78 MP: 8/21
 14792 | D:11     | Noticed a cyan ugly thing
 14810 | D:11     | Killed a cyan ugly thing
 14810 | D:11     | Reached skill level 5 in Fighting
 14907 | D:11     | Noticed a two-headed ogre
 14911 | D:11     | Killed a two-headed ogre
 14911 | D:11     | Reached skill level 5 in Dodging
 15554 | D:11     | Found a runed door.
 15557 | D:11     | Found a staircase to the Lair.
 15561 | D:11     | Noticed a spriggan rider
 15564 | D:11     | Noticed alpinistek's ghost (novice DsIE)
 15837 | Lair:1   | Entered Level 1 of the Lair of Beasts
 15994 | Lair:1   | Reached skill level 6 in Fighting
 15994 | Lair:1   | Reached skill level 1 in Shields
 17101 | Lair:2   | Found a staircase to the Shoals.
 17106 | Lair:2   | Reached skill level 1 in Maces & Flails
 17504 | Lair:2   | Reached *** piety under Ashenzari
 18275 | Lair:3   | Identified the +1 robe of the Shore {rF+ rC- Str+2 Int+5}
 18311 | Lair:3   | Reached skill level 1 in Armour
 18332 | Lair:3   | Reached **** piety under Ashenzari
 18341 | Lair:3   | Noticed Gastronok
 18362 | Lair:3   | Killed Gastronok
 18362 | Lair:3   | Reached XP level 12. HP: 89/89 MP: 2/22
 18868 | Lair:4   | Noticed a six-headed hydra
 18885 | Lair:4   | Killed a six-headed hydra
 18885 | Lair:4   | Reached skill level 7 in Fighting
 19477 | Lair:4   | Found a glowing silver altar of Zin.
 19528 | Lair:4   | Noticed Kirke
 19537 | Lair:4   | Reached skill level 8 in Fighting
 19552 | Lair:4   | Killed Kirke
 19885 | Lair:4   | Noticed Snorg
 19891 | Lair:4   | Killed Snorg
 20046 | Lair:4   | Found a hole to the Spider Nest.
 20237 | Lair:4   | Noticed a death yak
 20237 | Lair:4   | Noticed a seven-headed hydra
 20242 | Lair:4   | Killed a death yak
 20249 | Lair:4   | Killed a seven-headed hydra
 20410 | Lair:4   | Reached ***** piety under Ashenzari
 20465 | Lair:4   | Upgraded the game from 0.23-a0-419-g0174fd80c1 to
                  | 0.23-a0-422-g30b1108d6a
 20496 | Lair:4   | Gained mutation: You are in touch with the powers of death.
                  | [Mummy growth]
 20496 | Lair:4   | Reached XP level 13. HP: 98/98 MP: 20/26
 20627 | Lair:5   | Noticed Rupert
 20672 | Lair:5   | Reached skill level 5 in Maces & Flails
 20686 | Lair:5   | Paralysed by Rupert for 2 turns
 20697 | Lair:5   | Killed Rupert
 21512 | Lair:5   | Found a viscous altar of Jiyva.
 21512 | Lair:5   | Found a staircase to the Slime Pits.
 21701 | Lair:6   | Entered Level 6 of the Lair of Beasts
 21868 | Lair:6   | Reached skill level 9 in Fighting
 21884 | Lair:6   | Learned a level 4 spell: Animate Dead
 21953 | Lair:6   | Reached skill level 1 in Necromancy
 23252 | Lair:6   | Found the +8 frozen axe "Frostbite" {freezing cloud, *Noise
                  | +Fly rC+}
 23265 | Lair:6   | Got the uncursed cloak of Impermeability {rPois Dex+5}
 23284 | Lair:6   | Identified the +1 cloak of Impermeability {rPois Dex+5}
                  | (You found it on level 6 of the Lair of Beasts)
 24122 | D:12     | Reached XP level 14. HP: 109/109 MP: 17/27
 24199 | D:12     | Found Ekaur's Assorted Antiques.
 24780 | D:12     | Found Fyez's Antique Armour Shop.
 24844 | D:12     | Reached skill level 10 in Fighting
 25322 | D:12     | Found Ibbalano's Assorted Antiques.
 25326 | D:12     | Bought a scroll labeled HIGERR ROONAO for 33 gold pieces
 25326 | D:12     | Bought a scroll labeled LIUNED HIJOU for 33 gold pieces
 26119 | D:13     | Found a gate to the Vaults.
 26609 | D:13     | Reached skill level 11 in Fighting
 26986 | D:14     | Found a snail-covered altar of Cheibriados.
 27000 | D:14     | Noticed Agnes
 27011 | D:14     | Killed Agnes
 27598 | D:14     | Reached ****** piety under Ashenzari
 27609 | D:14     | Reached skill level 5 in Armour
 28113 | D:15     | Entered Level 15 of the Dungeon
 28484 | D:15     | Noticed Josephine
 28514 | D:15     | Killed Josephine
 28846 | D:15     | Found a glowing golden altar of the Shining One.
 29238 | D:15     | Reached XP level 15. HP: 87/118 MP: 0/28
 29915 | D:15     | Reached skill level 10 in Spellcasting
 30125 | D:15     | Found a staircase to the Depths.
 30422 | Orc:1    | Entered Level 1 of the Orcish Mines
 30723 | Orc:1    | Found a roughly hewn altar of Beogh.
 31086 | Orc:2    | Entered Level 2 of the Orcish Mines
 31320 | Orc:2    | Found a roughly hewn altar of Beogh.
 31350 | Orc:2    | Found Ulier's Distillery.
 31419 | Orc:2    | Found a roughly hewn altar of Beogh.
 31420 | Orc:2    | Found a staircase to the Elven Halls.
 31530 | Orc:2    | Found a roughly hewn altar of Beogh.
 31727 | Orc:2    | Found a roughly hewn altar of Beogh.
 31768 | Orc:2    | Found a roughly hewn altar of Beogh.
 31960 | Orc:2    | Noticed Saint Roka
 32301 | Orc:2    | Killed Saint Roka
 32393 | Orc:2    | Found Jeuja's Antique Weapon Shoppe.
 32394 | Orc:2    | Found a roughly hewn altar of Beogh.
 32398 | Orc:2    | Found Guqaanon's Antique Armour Emporium.
 32503 | Orc:2    | Found a roughly hewn altar of Beogh.
 32503 | Orc:2    | Found Meel's Armour Emporium.
 32631 | Orc:2    | Found Syoxyczu's Armour Shop.
 32803 | Orc:2    | Identified the +5 pair of boots of the Sun {Str+4}
 32907 | D:11     | Identified the +5 spear "Juarphua" {freeze, rElec rF+
                  | Stlth+}
 32995 | D:11     | Killed alpinistek's ghost
 33272 | Spider:1 | Entered Level 1 of the Spider Nest
 33360 | Spider:1 | Reached skill level 10 in Armour
 33445 | Spider:1 | Noticed Azrael
 34317 | Spider:1 | Identified a scroll of acquirement
 34499 | Spider:1 | Identified Miyd Vokh's Incunabulum of the Lethal Mountains
                  | (You acquired it on level 1 of the Spider Nest)
 34509 | Spider:1 | Learned a level 7 spell: Orb of Destruction
 34796 | Spider:2 | Noticed Arachne
 34836 | Spider:2 | Killed Arachne
 35352 | Spider:2 | Noticed a ghost moth
 35377 | Spider:2 | Killed a ghost moth
 36410 | Spider:3 | Reached XP level 16. HP: 111/126 MP: 31/31
 36654 | Spider:3 | Reached skill level 10 in Conjurations
 37117 | Spider:3 | Found a roughly hewn altar of Beogh.
 37348 | Spider:3 | Reached skill level 12 in Fighting
 37536 | Spider:4 | Entered Level 4 of the Spider Nest
 38635 | Spider:4 | Reached skill level 13 in Fighting
 40236 | Spider:4 | Got a gossamer rune of Zot
 40410 | Spider:4 | Learned a level 2 spell: Blink
 40671 | D:12     | Bought a scroll of enchant armour for 202 gold pieces
 40671 | D:12     | Bought a scroll of enchant armour for 202 gold pieces
 40770 | Shoals:1 | Entered Level 1 of the Shoals
 40802 | Shoals:1 | Found Zuofit's Magic Scroll Boutique.
 41052 | Shoals:1 | Bought a scroll of remove curse for 42 gold pieces
 41052 | Shoals:1 | Bought a scroll of remove curse for 42 gold pieces
 41052 | Shoals:1 | Bought a scroll of remove curse for 42 gold pieces
 41052 | Shoals:1 | Bought a scroll of remove curse for 42 gold pieces
 41052 | Shoals:1 | Bought a scroll of remove curse for 42 gold pieces
 41052 | Shoals:1 | Bought a scroll of amnesia for 49 gold pieces
 41052 | Shoals:1 | Bought a scroll of teleportation for 42 gold pieces
 41300 | Shoals:1 | Noticed Roxanne
 41659 | Shoals:1 | Reached XP level 17. HP: 130/137 MP: 27/32
 41730 | Shoals:2 | Identified the cursed +0 trident of Lenyrruh {flame, Int+6
                  | SInv}
 41890 | Shoals:2 | Found Xecadac's Antique Weapon Shoppe.
 42202 | Shoals:2 | Reached skill level 14 in Fighting
 43273 | Shoals:3 | Noticed Ilsuiw
 43321 | Shoals:3 | Killed Ilsuiw
 43349 | Shoals:3 | Identified the +7 trident "Hellblazer" {pierce, Str+7}
 43354 | Shoals:3 | Reached skill level 15 in Fighting
 43461 | Shoals:3 | Noticed Polyphemus
 43478 | Shoals:3 | Killed Polyphemus
 43968 | Shoals:4 | Entered Level 4 of the Shoals
 44423 | Shoals:4 | Found a runed gate.
 44423 | Shoals:4 | Found a runed gate.
 44424 | Shoals:4 | Found a runed gate.
 44437 | Shoals:4 | Noticed Notair's ghost (adept MiGl)
 44498 | Shoals:4 | Reached skill level 16 in Fighting
 44529 | Shoals:4 | Identified the +2 chain mail of Abanoh {rElec rN+++ Int-4
                  | Dex+5}
 45239 | Shoals:4 | Got a barnacled rune of Zot
 45601 | Shoals:4 | Identified the +5 long sword of Trial by Ordeal {drain,
                  | +Blink rF+}
 45865 | Elf:1    | Entered Level 1 of the Elven Halls
 45893 | Elf:1    | Reached XP level 18. HP: 137/151 MP: 32/34
 46057 | Elf:1    | Found a frozen archway.
 46060 | Elf:1    | Found a huge runed gate.
 46060 | Elf:1    | Found a huge runed gate.
 46060 | Elf:1    | Found a huge runed gate.
 46060 | Elf:1    | Found a huge runed gate.
 46061 | Elf:1    | Found a huge runed gate.
 46063 | Elf:1    | Found a huge runed gate.
 46063 | Elf:1    | Found a huge runed gate.
 46064 | Elf:1    | Found a huge runed gate.
 46064 | Elf:1    | Found a huge runed gate.
 46066 | IceCv    | Entered an ice cave
 46852 | IceCv    | Noticed an Ice Fiend
 46869 | IceCv    | Killed an Ice Fiend
 47551 | Elf:1    | Found a huge runed gate.
 47552 | Elf:1    | Found a huge runed gate.
 47553 | Elf:1    | Found a huge runed gate.
 47554 | Elf:1    | Found a huge runed gate.
 47555 | Elf:1    | Found a huge runed gate.
 47571 | Elf:1    | Found a huge runed gate.
 47825 | Elf:1    | Identified the +2 helmet of a sewer {rPois MR+ Dex+4}
 48072 | Elf:1    | Identified Roddoutz's Catalogue of Scorching Moulding
 48109 | Elf:1    | Identified Sif Muna's Handbook of Combat Magic
 48153 | Elf:1    | Found a huge runed gate.
 48153 | Elf:1    | Found a huge runed gate.
 48153 | Elf:1    | Found a huge runed gate.
 48157 | Elf:1    | Found a huge runed gate.
 48157 | Elf:1    | Found a huge runed gate.
 48178 | Elf:1    | Found a huge runed gate.
 48179 | Elf:1    | Found a huge runed gate.
 48179 | Elf:1    | Found a huge runed gate.
 48179 | Elf:1    | Found a huge runed gate.
 48198 | Elf:1    | Found a huge runed gate.
 48198 | Elf:1    | Found a huge runed gate.
 48198 | Elf:1    | Found a huge runed gate.
 48198 | Elf:1    | Found a huge runed gate.
 48198 | Elf:1    | Found a huge runed gate.
 49534 | Elf:2    | Reached skill level 17 in Fighting
 50311 | Elf:2    | Found Lawogh's Antique Weapon Shop.
 50535 | Elf:2    | Found a huge runed gate.
 50535 | Elf:2    | Found a huge runed gate.
 50536 | Elf:2    | Found a huge runed gate.
 50537 | Elf:2    | Found a huge runed gate.
 50550 | Elf:2    | Found a huge runed gate.
 50770 | Elf:3    | Entered Level 3 of the Elven Halls
 50945 | Elf:3    | Identified the cursed +0 cloak of the Hidden Dances
                  | {*Corrode rPois rF+}
 51282 | Elf:3    | Found an ancient bone altar of Kikubaaqudgha.
 51474 | Elf:3    | Reached skill level 18 in Fighting
 51507 | Elf:3    | Noticed an Ice Fiend
 51520 | Elf:3    | Identified the +4 great mace "Cestum" {flame, rElec rF+ MR+
                  | Dex-4}
 51538 | Elf:3    | Reached skill level 10 in Dodging
 52536 | Elf:3    | Reached XP level 19. HP: 160/163 MP: 25/36
 52609 | Elf:3    | Reached skill level 5 in Evocations
 52660 | Elf:3    | Identified the +1 war axe of the Blowfly {chop, +Blink
                  | rPois MR++ Str-4}
 52686 | Elf:3    | Identified the +4 ring mail of Dawn {rC+ Int+5 Dex+4}
 53241 | Elf:3    | Identified the Compendium of Bewitchment and the Blaze
 53247 | Elf:3    | Identified the +1 spear of Pestilence {pierce, rElec rN+
                  | MR+}
 53253 | Elf:3    | Identified Mahonog's Disquisition on the Destructive
                  | Frostbite
 53362 | Elf:3    | Learned a level 6 spell: Bolt of Fire
 53369 | Elf:3    | Learned a level 6 spell: Deflect Missiles
 53493 | D:10     | Identified the +0 chain mail "Fyuskopy" {Slay+3}
 53594 | Vaults:1 | Entered Level 1 of the Vaults
 53797 | Vaults:1 | Learned a level 1 spell: Apportation
 54274 | Vaults:1 | Reached skill level 19 in Fighting
 55158 | Vaults:1 | Found Feikuy's Antique Armour Shop.
 55211 | Vaults:1 | Bought a pair of runed boots for 217 gold pieces
 55212 | Vaults:1 | Bought a pair of runed gloves for 217 gold pieces
 55332 | D:12     | Bought a smoking cloak for 304 gold pieces
 55332 | D:12     | Identified the +0 cloak of Dishonesty {rElec MR+ Str+2}
                  | (You bought it in a shop on level 12 of the Dungeon)
 55332 | D:12     | Bought a runed cloak for 240 gold pieces
 55549 | Vaults:1 | Reached skill level 20 in Fighting
 55922 | D:12     | Bought a metal-bound book for 405 gold pieces
 56158 | Vaults:1 | Reached skill level 1 in Charms
 56283 | Vaults:2 | Reached skill level 1 in Air Magic
 57061 | Vaults:2 | Reached XP level 20. HP: 178/178 MP: 4/37
 57487 | Vaults:2 | Found Amooquc's Food Emporium.
 58328 | Vaults:2 | Identified the -5 cloak of Honesty {rC- Regen+ Str+4}
 59243 | Vaults:3 | Reached skill level 21 in Fighting
 59708 | Vaults:3 | Reached skill level 5 in Charms
 59717 | Vaults:3 | Reached skill level 5 in Air Magic
 60448 | Vaults:3 | Found a staircase to the Crypt.
 62274 | Vaults:4 | Found a runed gate.
 62274 | Vaults:4 | Found a runed gate.
 62274 | Vaults:4 | Found a runed gate.
 62275 | Vaults:4 | Noticed temitten's ghost (adept DsFi)
 62539 | Vaults:3 | Reached XP level 21. HP: 150/186 MP: 8/38
 63308 | Vaults:4 | Identified the +1 robe "Ekhyang" {rElec rPois SInv Stlth-}
 63575 | Vaults:4 | Found an iron altar of Okawaru.
 63829 | Depths:1 | Entered Level 1 of the Depths
 63829 | Depths:1 | Found a runed door.
 63829 | Depths:1 | Found a runed door.
 64069 | Depths:1 | Noticed an ancient lich
 64763 | D:15     | Reached skill level 10 in Fire Magic
 65083 | Depths:1 | Found a gateway to Hell.
 65324 | Depths:1 | Found Isuesax's Elemental Accessories.
 66071 | D:10     | Identified the +2 leather armour of Rotation {rPois}
 66123 | D:10     | Killed dricus's ghost
 66145 | D:10     | Got the uncursed pair of boots of the Sun {Str+4}
 66156 | D:10     | Identified the +5 pair of boots of the Sun {Str+4} (You
                  | found it on level 10 of the Dungeon)
 66388 | Depths:1 | Noticed a caustic shrike
 66389 | Depths:1 | Noticed Zeverogu's ghost (adept SpEn)
 66825 | Depths:2 | Found a magical portal.
 66834 | WizLab   | Entered Lehudib's Moon Base
 67289 | WizLab   | Reached skill level 15 in Spellcasting
 67651 | WizLab   | Reached skill level 5 in Shields
 68879 | WizLab   | Found a transporter.
 68893 | WizLab   | Identified the cursed +0 chain mail "Ceyzioz" {rPois
                  | Stlth+}
 69222 | WizLab   | Found a transporter.
 69482 | WizLab   | Reached XP level 22. HP: 176/194 MP: 19/41
 69736 | WizLab   | Identified Lehudib's Volume of Stones
 69766 | WizLab   | Identified the Compendium of Sinister Rites and Good Luck
 69894 | Depths:2 | Identified the amulet "Vuemairch" {Gourm *Contam rElec MP+9
                  | Int+5}
 69897 | Depths:2 | Found a runed door.
 69920 | Depths:2 | Identified the cursed +2 double sword of the Traitor
                  | {slice, +Fly rPois Dex+7}
 69921 | Depths:2 | Identified the cursed amulet of the Castellan {Faith Int+5}
 70490 | Depths:2 | Found a one-way gate leading to the halls of Pandemonium.
 70911 | Depths:2 | Reached skill level 10 in Shields
 71015 | Depths:2 | Found a corrupted altar of Lugonu.
 71015 | Depths:2 | Found a one-way gate to the infinite horrors of the Abyss.
 71034 | Depths:2 | Found a gateway to a bazaar.
 71270 | Bazaar   | Entered a bazaar
 71270 | Bazaar   | Found Raxaoh's Weapon Shop.
 71272 | Bazaar   | Found Jattidun's Food Shop.
 71277 | Bazaar   | Found Ohylud's Gadget Emporium.
 71283 | Bazaar   | Found Doxkirebb's Armour Emporium.
 71296 | Bazaar   | Found Gonkuqu's Jewellery Boutique.
 71322 | Bazaar   | Bought the cursed ring of Toezizew {rC+ MR++ Int+4 Dex-5}
                  | for 409 gold pieces
 72842 | Depths:3 | Noticed Xtahua
 72883 | Depths:3 | Killed Xtahua
 73517 | Depths:3 | Learned a level 5 spell: Borgnjor's Vile Clutch
 73748 | Depths:3 | Reached skill level 1 in Earth Magic
 73819 | Depths:3 | Learned a level 5 spell: Dispel Undead
 73825 | Depths:3 | Learned a level 5 spell: Agony
 73831 | Depths:3 | Learned a level 5 spell: Bolt of Draining
 73990 | Depths:3 | Noticed a golden dragon
 74018 | Depths:3 | Killed a golden dragon
 74018 | Depths:3 | Reached skill level 5 in Necromancy
 74389 | Depths:4 | Found Laeg's Book Boutique.
 74415 | Depths:4 | Bought a Necronomicon for 2097 gold pieces
 74470 | Depths:4 | Learned a level 7 spell: Haunt
 74496 | Depths:4 | Identified the cursed +3 dagger of the Endless Expanse
                  | {freeze, Int+3}
 74510 | Depths:4 | Reached skill level 1 in Summonings
 74556 | Depths:4 | Found a gateway to a ziggurat.
 74653 | Depths:4 | Identified the cursed +1 mace "Qucso" {drain, +Rage rC++
                  | MP+9}
 74674 | Depths:4 | Reached XP level 23. HP: 200/200 MP: 22/42
 74865 | Depths:4 | Reduced skill Conjurations to level 10
 74970 | Depths:4 | Reached skill level 5 in Summonings
 75539 | Depths:4 | Noticed a greater mummy
 75700 | Depths:4 | Killed a greater mummy
 75971 | Depths:4 | Reached skill level 5 in Earth Magic
 76678 | Depths:5 | Entered Level 5 of the Depths
 77572 | Vaults:4 | Killed temitten's ghost
 78979 | Depths:5 | Reached skill level 10 in Necromancy
 79377 | Depths:5 | Found a gate to the Realm of Zot.
 79922 | Depths:3 | Voluntarily entered the Abyss.
 79922 | Abyss:1  | Found a corrupted altar of Lugonu.
 80515 | Abyss:3  | Found a corrupted altar of Lugonu.
 80529 | Abyss:3  | Identified the +7 glaive of the Eternal Warrior {flame,
                  | *Drain rElec Str+7 Int+3}
 80579 | Abyss:3  | Found a corrupted altar of Lugonu.
 80888 | Abyss:4  | Found a corrupted altar of Lugonu.
 80942 | Depths:3 | Escaped the Abyss
 80963 | Depths:3 | Voluntarily entered the Abyss.
 81033 | Abyss:1  | Paralysed by accursed screaming for 1 turns
 81086 | Depths:3 | Escaped the Abyss
 81267 | Depths:3 | Voluntarily entered the Abyss.
 81293 | Abyss:2  | Found a corrupted altar of Lugonu.
 81393 | Abyss:3  | Found a corrupted altar of Lugonu.
 81397 | Abyss:3  | Got an abyssal rune of Zot
 81406 | Depths:3 | Escaped the Abyss
 81512 | Depths:3 | Learned a level 1 spell: Summon Butterflies
 81825 | Slime:1  | Entered Level 1 of the Pits of Slime
 82204 | Slime:1  | Reached XP level 24. HP: 206/208 MP: 18/42
 82387 | Slime:1  | Reached skill level 10 in Summonings
 83018 | Slime:5  | Entered Level 5 of the Pits of Slime
 83062 | Slime:5  | Paralysed by a floating eye for 3 turns
 83068 | Slime:5  | Paralysed by a floating eye for 3 turns
 84210 | Slime:5  | Noticed the Royal Jelly
 84211 | Slime:5  | Found a viscous altar of Jiyva.
 84219 | Slime:5  | Killed the Royal Jelly
 84396 | Slime:5  | Identified the ring of Quivas {*Drain +Blink +Fly rC+}
 84397 | Slime:5  | Identified the +7 hand crossbow of the Magi {freeze,
                  | *Contam rElec rF+}
 84397 | Slime:5  | Identified the +2 plate armour "Jylloch" {Int+7}
 84424 | Slime:5  | Got a slimy rune of Zot
 84443 | Slime:5  | Identified the Incunabulum of Companions
 84982 | Zot:1    | Entered Level 1 of the Realm of Zot
 86633 | Zot:1    | Noticed an orb of fire
 86846 | Zot:1    | Killed an orb of fire
 86906 | Zot:1    | Reached XP level 25. HP: 148/214 MP: 12/42
 87822 | Zot:2    | Found a runed gate.
 87828 | Zot:2    | Found a runed gate.
 87828 | Zot:2    | Found a runed gate.
 87829 | Zot:2    | Noticed Qohiqu's ghost (veteran SpEn)
 87830 | Zot:2    | Identified the cursed -6 buckler of Winter {rElec MR+
                  | Str+2}
 87831 | Zot:2    | Identified the cursed ring "Foggunn" {*Contam rElec Str+3
                  | Dex-2 SInv}
 88117 | Zot:2    | Identified the +9 scythe of Sulphur {venom, +Blink rC++
                  | Str-2 Dex+3}
 88948 | Zot:2    | Reached skill level 22 in Fighting
 90774 | Zot:4    | Reached skill level 23 in Fighting
 91779 | Zot:4    | Gained mutation: You are strongly in touch with the powers
                  | of death. [Mummy growth]
 91779 | Zot:4    | Reached XP level 26. HP: 228/228 MP: 12/42
 92827 | Zot:5    | Entered Level 5 of the Realm of Zot
 93029 | Zot:5    | Reached skill level 15 in Armour
 93356 | Zot:5    | Noticed an ancient lich
 93359 | Zot:5    | Killed an ancient lich
 93898 | Zot:5    | Noticed an orb of fire
 94116 | Zot:5    | Noticed an ancient lich
 94120 | Zot:5    | Killed an ancient lich
 94151 | Zot:5    | Noticed an ancient lich
 94155 | Zot:5    | Killed an ancient lich
 94281 | Zot:5    | Noticed an ancient lich
 94287 | Zot:5    | Killed an ancient lich
 94781 | Zot:5    | Noticed an ancient lich
 94785 | Zot:5    | Killed an ancient lich
 94785 | Zot:5    | Reached skill level 24 in Fighting
 94913 | Zot:5    | Reached skill level 10 in Evocations
 95411 | Zot:5    | Noticed an orb of fire
 95444 | Zot:5    | Killed an orb of fire
 95610 | Zot:5    | Noticed an orb of fire
 95637 | Zot:5    | Killed an orb of fire
 95769 | Zot:5    | Reached XP level 27. HP: 238/238 MP: 34/42
 95804 | Zot:5    | Killed an orb of fire
 95911 | Zot:5    | Noticed an orb of fire
 95963 | Zot:5    | Noticed an orb of fire
 96696 | Zot:5    | Killed an orb of fire
 97088 | Zot:5    | Noticed an orb of fire
 97469 | Zot:5    | Killed an orb of fire
 97469 | Zot:5    | Reached skill level 25 in Fighting
 97586 | Zot:5    | Killed an orb of fire
 98199 | Zot:5    | Got the Orb of Zot
 98353 | Zot:1    | Noticed Iphih the pandemonium lord
 98460 | Depths:5 | Noticed a seraph
 98565 | Depths:4 | Noticed Beobat the pandemonium lord
 98588 | Depths:4 | Killed Beobat the pandemonium lord
 98638 | Depths:3 | Noticed Apnepac the pandemonium lord
 98638 | Depths:3 | Noticed an ancient lich
 99094 | D:1      | gg
 99095 | D:$      | Escaped with the Orb!

Vault maps used:
D:1:      minmay_arrival_cross, kennysheep_decorative_pillar,
          minmay_gold_behind_fungi, chequers_serial_rivers_room_a, st_stairs_8
D:2:      doesnt_xom_only_xom, uniq_robin
D:3:      grunt_dithmenos_smoke_and_mirrors
D:4:      lemuel_zombie_altar_kikubaaqudgha, serial_shops, nicolae_shop_stone
D:5:      first_ration, serial_shops, kennysheep_mini
D:6:      lemuel_castle_with_subvaults, lightli_ossuary_entry_decrepit_ruins,
          basic_altar, gammafunk_ghost_stat_death, uniq_edmund, uniq_duvessa
D:7:      minmay_temple_entry_crystal_x, basic_altar
D:8:      serial_shops, shop_fountains
D:9:      orc_0_dummy, hangedman_pestilent_swarm, nicolae_benzene_ring
D:10:     biasface_ghost_orc_armoury
D:11:     lair_entry_dummy, ebering_ghost_funeral_grove,
          lemuel_flamethrower_hall
D:12:     serial_shops, shop, kennysheep_little_box,
          nicolae_shop_overgrown_old_shop
D:13:     david_vaults_2
D:14:     grunt_decor_mini_mirrors, hangedman_decor_clover_reticule,
          cheibriados_altar_1, uniq_agnes
D:15:     grunt_enter_depths_hoard, nicolae_tso_carved_into_rock,
          serial_bayou_pond_e, uniq_josephine
Temple:   kilobyte_greek_temple
Lair:1:   lemuel_another_geyser, infiniplex_staircase_pool_2
Lair:2:   elwin_shoals_entry_stream, minmay_stone_trees_small
Lair:3:   beast_lair_carwin_large_2, uniq_gastronok
Lair:4:   nicolae_spider_entry_non_spiders, basic_altar,
          grunt_forest_large_clearing_hut, lemuel_fruit_fields, uniq_kirke,
          uniq_snorg
Lair:5:   dpeg_slime_entry_enclosed_altar, beast_lair_carwin_5,
          grunt_megastairs_1, uniq_rupert
Lair:6:   gammafunk_lair_ancient_temple, serial_bayou_pond_e,
          chequers_serial_rivers_micro_a, serial_bayou_shore_b
Shoals:1: serial_shops, shop_statue, uniq_roxanne
Shoals:2: serial_shops, nicolae_shop_waterfront, st_cyclops
Shoals:3: uniq_ilsuiw, uniq_polyphemus
Shoals:4: shoals_end_grunt_ice, shoals_ilsuiw_alternative,
          ebering_ghost_rock_garden
Spider:1: uniq_azrael, uniq_frances
Spider:2: uniq_arachne
Spider:3: nicolae_spider_mines_2, nicolae_spider_cling_halls
Spider:4: grunt_spider_rune_parallel, zaba_antful_of_joy
Slime:1:  cheibrodos_slime_lost_civilization_2, nicolae_slime_barrier
Orc:1:    basic_altar
Orc:2:    grunt_orc_community_town_hall, grunt_orc_community_big_house_2,
          grunt_orc_community_big_house_1, grunt_orc_community_house_3,
          grunt_orc_community_house_2, grunt_orc_community_house_1,
          grunt_orc_community_house_3, grunt_orc_community_house_1, basic_altar,
          serial_shops, nicolae_shop_waterfront
Elf:1:    minmay_elf_arrival_plus, portal_ice_cave_entry_pillars_2,
          minmay_elf_annihilation, door_vault
Elf:2:    serial_shops, nicolae_shop_statue_plus, palyth_stone_intersect
Elf:3:    elf_hall, basic_altar
Vaults:1: nicolae_vaults_alarming, hangedman_vaults_locks,
          ontoclasm_vaults_shuriken, grunt_vaults_hallway_short, v_misc_16,
          vaults_room_pool, hangedman_vaults_pinch, serial_shops, shop
Vaults:2: v_alt_pattern_5, v_misc_12, grunt_vaults_diagonal,
          ontoclasm_vaults_eye, vaults_room_hangedman_quadrants,
          ontoclasm_vaults_claustrophobia, vaults_dpeg_cross,
          ontoclasm_vaults_tryst, v_misc_11, serial_shops, shop
Vaults:3: v_pattern_4, hangedman_vaults_stream, vaults_dpeg_encased_lava,
          nicolae_vaults_network_quincunx, nicolae_vaults_inception_network,
          vaults_room_corners, blue_anna_dwarven_crypt, hangedman_vaults_maws,
          v_misc_19, ontoclasm_vaults_ring_small,
          nicolae_vaults_mini_display_case, v_alt_pattern_3
Vaults:4: gammafunk_vaults_ghost_fury_of_okawaru, vaults_room_hallway,
          v_pattern_1, vaults_room_fancy_cross, vaults_room_hallway,
          nicolae_vaults_asterisk, nicolae_vaults_branching_niches,
          ontoclasm_vaults_fault, v_misc_28, vaults_room_fancy_cross,
          ontoclasm_vaults_gateway, grunt_vaults_hallway_short
Depths:1: hell_entry, muffindrake_ghost_dual_entry, minmay_misc_feat_iff,
          columned_hall_lemuel, nicolae_elemental_shop
Depths:2: kennysheep_ambush_hall, rand_demon_pan_entry_4,
          infiniplex_enter_wizlab_water, serial_shops, statue_bzr, hell_entry,
          kennysheep_nondescript, abyss_entry_flame_altar, minmay_st_funbox,
          serial_bayou_shore_b, infiniplex_staircase_zigzag_1, uniq_saint_roka
Depths:3: minmay_shrinking_squares, abyss_entry_small_statue_room,
          grunt_hell_horde, pan_entry, infiniplex_staircase_9_rooms, uniq_xtahua
Depths:4: ragdoll_tomb_raider, enter_ziggurat_d, roderic_lattice_a,
          serial_shops, shop, abyss_entry, pf_coc_iceberg
Depths:5: evilmike_zot_entry_hall, hell_entry, rand_demon_pan_entry_1
Zot:1:    kennysheep_room_grid
Zot:2:    ebering_ghost_rock_garden, grunt_ministairs_14,
          st_small_dragon_hoard_3
Zot:3:    grunt_megastairs_2
Zot:4:    kennysheep_blocky_room, stair_cage_line
Zot:5:    st_stairs_10, lemuel_baited_zot_trap, grunt_ministairs_5
Abyss:1:  gammafunk_corrupted_shrine
Abyss:2:  evilmike_abyss_exit_smiterflies, minivault_28
Abyss:3:  evilmike_abyss_exit_plants, evilmike_abyss_exit_kraken,
          evilmike_abyss_rune_elephants_shrine, serial_sigils_hangedman_quiver
Abyss:4:  doesnt_abyss_rune_brain_food, hangedman_abyss_overflow_altar
Bazaar:   bazaar_kb_twisted_cavern
Ossuary:  ossuary_due_mausoleum
IceCv:    ice_cave_tombish
WizLab:   wizlab_lehudib

Skill      XL: |  1  2  3  4  5  6  7  8  9 10 11 12 13 14 15 16 17 18 19 20 21 22 23 24 25 26 27 |
---------------+----------------------------------------------------------------------------------+-----
Conjurations   | 1 2 3 4 5 6 8 9 10 11 8 |  8.5
Spellcasting   | 3 4 7 9 11 12 13 15 | 15.0
Fire Magic     | 3 4 5 7 8 9 10 | 10.7
Fighting       | 4 6 8 9 11 13 16 18 20 21 23 24 25 | 25.2
Dodging        | 4 6 8 9 10 11 12 13 | 13.9
Shields        | 4 8 12 | 12.3
Maces & Flails | 3 4 7 8 |  8.0
Armour         | 2 4 8 11 13 14 15 | 15.3
Evocations     | 2 4 6 9 11 | 11.8
Necromancy     | 3 6 12 14 | 14.4
Charms         | 2 7 |  7.9
Air Magic      | 2 7 |  7.9
Earth Magic    | 3 5 |  5.5
Summonings     | 4 9 10 | 10.8
Stealth        | |  1.5
Translocations | |  0.8

Action                   |  1- 3 |  4- 6 |  7- 9 | 10-12 | 13-15 | 16-18 | 19-21 | 22-24 | 25-27 || total
-------------------------+-------+-------+-------+-------+-------+-------+-------+-------+-------++-------
Melee: Dagger            |    32 |       |       |       |       |       |       |       |       ||    32
       Spear             |     1 |    21 |     8 |       |       |       |       |       |       ||    30
       Whip              |       |    20 |   115 |   272 |  1511 |  2034 |  2022 |  1020 |       ||  6994
       Demon whip        |       |       |       |       |       |       |       |   953 |  1284 ||  2237
Throw: Throwing net      |       |       |       |       |       |       |     1 |     4 |       ||     5
 Cast: Flame Tongue      |    70 |   142 |   301 |   298 |   127 |    50 |    11 |       |       ||   999
       Conjure Flame     |       |     3 |     4 |    10 |    13 |       |       |       |       ||    30
       Fireball          |       |       |    16 |    28 |    76 |   169 |    65 |    15 |       ||   369
       Sticky Flame      |       |       |    20 |    49 |    91 |    66 |    24 |       |       ||   250
       Animate Dead      |       |       |       |       |    55 |    68 |    44 |    24 |    30 ||   221
       Bolt of Fire      |       |       |       |       |       |       |   285 |   186 |    11 ||   482
       Apportation       |       |       |       |       |       |       |     1 |     2 |     1 ||     4
       Deflect Missiles  |       |       |       |       |       |       |     3 |     5 |     6 ||    14
       Orb of Destructio |       |       |       |       |       |       |     1 |     5 |       ||     6
       Bolt of Draining  |       |       |       |       |       |       |       |    65 |    82 ||   147
       Borgnjor's Vile C |       |       |       |       |       |       |       |    38 |    18 ||    56
       Dispel Undead     |       |       |       |       |       |       |       |    28 |    44 ||    72
       Haunt             |       |       |       |       |       |       |       |    37 |   106 ||   143
       Agony             |       |       |       |       |       |       |       |    11 |     1 ||    12
       Summon Butterflie |       |       |       |       |       |       |       |     2 |       ||     2
       Blink             |       |       |       |       |       |       |       |     1 |     1 ||     2
Invok: Curse Item        |       |       |     3 |     4 |     2 |     3 |     3 |     2 |       ||    17
       Scrying           |       |       |       |       |       |     1 |     1 |     1 |     3 ||     6
       Transfer Knowledg |       |       |       |       |       |       |       |     1 |       ||     1
Evoke: Wand              |       |       |     4 |     7 |    10 |     9 |     5 |    18 |     2 ||    55
       Phial of floods   |       |       |       |       |     1 |       |     1 |       |       ||     2
  Use: Scroll            |       |     8 |    12 |     3 |    10 |    13 |     2 |    16 |     7 ||    71
 Stab: Paralysed         |       |       |     1 |       |    19 |     2 |       |       |       ||    22
       Sleeping          |       |       |       |     1 |     7 |     1 |       |       |       ||     9
       Distracted        |       |       |       |       |     9 |    17 |     5 |     3 |    17 ||    51
Armor: Robe              |     6 |    24 |    21 |       |       |       |       |       |       ||    51
       Leather armour    |       |       |    44 |    82 |   130 |    99 |       |       |       ||   355
       Fire dragon scale |       |       |       |       |       |   433 |   376 |   460 |   299 ||  1568
Dodge: Dodged            |    32 |    57 |   180 |   343 |  1036 |  1794 |  1099 |   936 |   540 ||  6017
       Deflected         |       |       |       |       |       |       |    19 |    37 |    46 ||   102
Block: Buckler           |       |       |       |    62 |   314 |   508 |   333 |       |       ||  1217
       Shield            |       |       |       |       |       |       |   154 |   897 |   545 ||  1596

Table legend:
 A = Non-vault XP
 B = Vault XP
 C = Vault XP percentage of total XP
 D = Non-vault monster count
 E = Vault monster count
 F = Vault count percentage of total count
                 A         B        C        D         E       F
            +---------+---------+-------+---------+---------+-------
      Total |  911170 |  664137 |  42.2 |    1603 |     800 |  33.3
            +---------+---------+-------+---------+---------+-------
        D:1 |      41 |       2 |   4.7 |      18 |       1 |   5.3
        D:2 |      68 |      24 |  26.1 |      18 |       6 |  25.0
        D:3 |     116 |       0 |   0.0 |      21 |       0 |   0.0
        D:4 |      44 |       4 |   8.3 |       4 |       3 |  42.9
        D:5 |     818 |       0 |   0.0 |      32 |       0 |   0.0
        D:6 |    1652 |    1188 |  41.8 |      29 |      55 |  65.5
        D:7 |     734 |       0 |   0.0 |      19 |       0 |   0.0
        D:8 |     689 |       0 |   0.0 |      13 |       0 |   0.0
        D:9 |    3664 |     455 |  11.0 |      34 |       4 |  10.5
       D:10 |    2278 |    1644 |  41.9 |      27 |      12 |  30.8
       D:11 |    3103 |    1796 |  36.7 |      21 |       7 |  25.0
       D:12 |    6698 |       0 |   0.0 |      27 |       0 |   0.0
       D:13 |    6085 |    2729 |  31.0 |      29 |       3 |   9.4
       D:14 |   10776 |    2092 |  16.3 |      37 |       1 |   2.6
       D:15 |   18196 |    3825 |  17.4 |      40 |       7 |  14.9
     Lair:1 |    3580 |     328 |   8.4 |      15 |       1 |   6.2
     Lair:2 |    2226 |    1406 |  38.7 |      13 |       3 |  18.8
     Lair:3 |     757 |    3495 |  82.2 |       7 |       8 |  53.3
     Lair:4 |    6825 |    6598 |  49.2 |      23 |      18 |  43.9
     Lair:5 |    2758 |    5253 |  65.6 |      13 |       9 |  40.9
     Lair:6 |    7715 |    7906 |  50.6 |      30 |      25 |  45.5
   Shoals:1 |   15617 |       0 |   0.0 |      37 |       0 |   0.0
   Shoals:2 |   17316 |    5434 |  23.9 |      37 |       8 |  17.8
   Shoals:3 |    7558 |    8915 |  54.1 |      16 |       9 |  36.0
   Shoals:4 |    9666 |   23673 |  71.0 |      25 |      41 |  62.1
   Spider:1 |   12669 |       0 |   0.0 |      38 |       0 |   0.0
   Spider:2 |   10512 |    3895 |  27.0 |      29 |       1 |   3.3
   Spider:3 |   12394 |   11364 |  47.8 |      41 |      15 |  26.8
   Spider:4 |    3667 |   18920 |  83.8 |       7 |      74 |  91.4
    Slime:1 |   11539 |       0 |   0.0 |      14 |       0 |   0.0
    Slime:2 |    6799 |       0 |   0.0 |       4 |       0 |   0.0
    Slime:4 |    4033 |       0 |   0.0 |      14 |       0 |   0.0
    Slime:5 |   12468 |   32123 |  72.0 |      24 |      16 |  40.0
      Orc:1 |    3457 |       0 |   0.0 |      41 |       0 |   0.0
      Orc:2 |    3776 |   10353 |  73.3 |      28 |      71 |  71.7
      Elf:1 |   12292 |    5363 |  30.4 |      20 |       8 |  28.6
      Elf:2 |   25468 |    3598 |  12.4 |      39 |       4 |   9.3
      Elf:3 |   13409 |   42439 |  76.0 |      25 |      29 |  53.7
   Vaults:1 |   42111 |   15647 |  27.1 |      78 |      30 |  27.8
   Vaults:2 |   24305 |   18007 |  42.6 |      44 |      23 |  34.3
   Vaults:3 |   26206 |   25141 |  49.0 |      37 |      32 |  46.4
   Vaults:4 |   24670 |   32405 |  56.8 |      34 |      29 |  46.0
   Depths:1 |   37111 |       0 |   0.0 |      48 |       0 |   0.0
   Depths:2 |   19750 |   15344 |  43.7 |      28 |      16 |  36.4
   Depths:3 |   57109 |   24112 |  29.7 |      62 |      21 |  25.3
   Depths:4 |   39117 |   12565 |  24.3 |      48 |       9 |  15.8
   Depths:5 |   44327 |   14584 |  24.8 |      43 |      12 |  21.8
      Zot:1 |   85743 |   27242 |  24.1 |      61 |      12 |  16.4
      Zot:2 |   59205 |   22034 |  27.1 |      37 |       8 |  17.8
      Zot:3 |   36472 |    2425 |   6.2 |      26 |       2 |   7.1
      Zot:4 |   49203 |   10221 |  17.2 |      41 |       8 |  16.3
      Zot:5 |   71313 |  159814 |  69.1 |      39 |      44 |  53.0
    Abyss:1 |    7789 |       0 |   0.0 |       7 |       0 |   0.0
    Abyss:2 |    2835 |       0 |   0.0 |      12 |       0 |   0.0
    Abyss:3 |   17383 |    8079 |  31.7 |      42 |      10 |  19.2
    Abyss:4 |    3780 |      87 |   2.2 |       1 |       1 |  50.0
    Ossuary |       0 |     263 | 100.0 |       0 |      27 | 100.0
      IceCv |       0 |   10950 | 100.0 |       0 |      26 | 100.0
     WizLab |    1278 |   60395 |  97.9 |       6 |      51 |  89.5
            +---------+---------+-------+---------+---------+-------
